 Dungeon Crawl Stone Soup version 0.29.1-1-gd02db6906a (webtiles) character file.

Game seed: 2099080081264176934

733 Ashen the Magician (level 8, -2/56 HPs)
             Began as a Djinni Hedge Wizard on Oct 1, 2022.
             Was an Initiate of Makhleb.
             Slain by a water moccasin (7 damage)
             ... on level 6 of the Dungeon.
             The game lasted 00:14:05 (9685 turns).

Ashen the Magician (Djinni Hedge Wizard)            Turns: 9685, Time: 00:14:05

Health: -2/56      AC:  2    Str:  9    XL:     8   Next: 4%
Gold:   332        EV: 13    Int: 21    God:    Makhleb [......] SH:  0 Dex: 14

rFire   + + .      SeeInvis .   y - +1 dagger (freeze)
rCold   . . .      Faith    .   (no shield)
rNeg    . . .      Spirit   .   r - +0 leather armour
rPois   ∞          Reflect  .   A - +0 helmet
rElec   .          Harm     .   e - +1 cloak of the Griffon {*Corrode rC+ Will+ Int+4}
rCorr   .          Rampage  .   (no gloves)
Will    +....                   (boots unavailable)
Stlth   +.........              (no amulet)
HPRegen 0.18/turn               (no ring)
MPRegen 0.00/turn               (no ring)

@: confused, ambrosia-drunk, corroded, flying, very slightly contaminated
A: sickness immunity, fire resistance 2, cold vulnerability 1, float, innate
caster, HP casting, extra vitality 1
a: Renounce Religion


You were on level 6 of the Dungeon.
You worshipped Makhleb.
Makhleb was noncommittal.
You visited 2 branches of the dungeon, and saw 7 of its levels.

You collected 332 gold pieces.

Inventory:

Hand Weapons
 y - a +1 dagger of freezing (weapon)
Armour
 e - the +1 cloak of the Griffon (worn) {*Corrode rC+ Will+ Int+4}
   (You found it on level 4 of the Dungeon)

   Int:       It affects your intelligence (+4).
   rC:        It protects you from cold.
   *Corrode:  It may corrode you when you take damage.
   Will:      It increases your willpower.
 r - a +0 leather armour (worn)
 v - a +2 pair of gloves
 z - a scarf of shadows
 A - a +0 helmet (worn)
Jewellery
 u - a ring of resist corrosion
Wands
 p - a wand of roots (13)
 q - a wand of flame (15)
 s - a wand of paralysis (6)
Scrolls
 f - a scroll of immolation {unknown}
 g - 4 scrolls of blinking
 j - a scroll of fear {unknown}
 x - 2 scrolls of identify
Potions
 d - 3 potions of flight
 h - a potion of haste
 i - 2 potions of berserk rage {unknown}
 k - a potion of lignification {unknown}
 l - 2 potions of ambrosia
 n - a potion of mutation {unknown}
 o - 2 potions of curing {unknown}
 t - 2 potions of heal wounds {unknown}
 w - 2 potions of attraction {unknown}


   Skills:
 + Level 3.3 Fighting
 + Level 4.5 Dodging
 + Level 3.6 Stealth
 * Level 4.7 Spellcasting


You couldn't memorise any spells.
You knew the following spells:

 Your Spells              Type           Power      Damage    Failure   Level
a - Magic Dart            Conj           96%        1d7       2%          1
b - Blink                 Tloc           48%        N/A       3%          2
c - Call Imp              Summ           24%        N/A       3%          2
d - Slow                  Hex            96%        N/A       2%          1
e - Conjure Flame         Conj/Fire      24%        6-21      7%          3
f - Mephitic Cloud        Conj/Pois/Air  24%        N/A       7%          3
g - Shock                 Conj/Air       96%        1d9       2%          1
h - Passwall              Tmut/Erth      20%        N/A       3%          2
i - Wereblood             Tmut           24%        N/A       3%          2
Your spell library was empty.

Dungeon Overview and Level Annotations

Branches:
Dungeon (6/15)             Temple (1/1) D:5

Altars:
Ashenzari
Cheibriados
Dithmenos
Elyvilon
Fedhas
Gozag
Hepliaklqana
Makhleb
Okawaru
Qazlal
Ru
Uskayaw
Wu Jian
Xom
Yredelemnul
Zin
The Shining One

Shops:
D:1 [


Innate Abilities, Weirdness & Mutations

You are immune to sickness and miasma.
You are immune to poison.
Your flesh is very heat resistant. (rF++)
You are vulnerable to cold. (rC-)
You float through the air rather than walking.
You learn spells naturally, not from books.
Your magical power is your life essence.
You have superior vitality. (+4 MHP)


Message History

Aim: a centaur, wielding a +0 shortbow (heavily wounded, chance to affect: 81%)
The ball explodes into a vile cloud!
The stinking cloud engulfs the centaur but does no damage.
The centaur is heavily wounded.
The stinking cloud engulfs you but does no damage.
The stinking cloud engulfs the water moccasin but does no damage.
The water moccasin is lightly wounded.
You hear a shout!
The centaur is engulfed in noxious fumes.
The centaur appears confused.
The centaur unwields a +0 shortbow.
The centaur wields a +0 spear.
The centaur hits you with a +0 spear. The centaur closely misses you.
The water moccasin closely misses you.
The centaur is engulfed in noxious fumes.
The centaur appears confused.
The centaur misses the water moccasin.
The centaur barely misses the water moccasin.
Casting: Mephitic Cloud (dangerous; 7% risk of failure)
Confirm with . or Enter, or press ? or * to list all spells.
A beastly little devil appears in a puff of flame.
The water moccasin closely misses you.
The centaur is engulfed in noxious fumes.
The centaur hits you with a +0 spear. The centaur kicks you.
Your corrosive artefact corrodes you!
The water moccasin bites you!
* * * LOW HITPOINT WARNING * * *
Unknown command.
You are confused.
You feel invigorated.
The centaur is engulfed in noxious fumes.
The centaur appears confused.
The centaur hits you with a +0 spear.
* * * LOW HITPOINT WARNING * * *
The centaur barely misses you. The water moccasin bites you!
* * * LOW HITPOINT WARNING * * *
The centaur is engulfed in noxious fumes.
The centaur appears confused.
The centaur hits you with a +0 spear.
* * * LOW HITPOINT WARNING * * *
The centaur closely misses you.
Your crimson imp hits the water moccasin.
You completely miss the water moccasin.
The water moccasin is lightly wounded.
The water moccasin bites you!
You die...

##..#####........## ....
..........##†##...#....[
..........##.####<......
..................Y./...
..........##..###.##.#..
..........###...... # .
#.####5### #..... #Sc☼#
.#..## #@○☼# ##....
#####÷..######....
#...#...#...# ..
#.>.#.⌠.#.<.#
#...#...#...#
####...#...#...#####
...)...............#
.>...8.......8...<.#
...................#


You could see a water moccasin (ally target), a centaur (confused) and a
friendly crimson imp (summoned).

Vanquished Creatures
  An ogre (D:4)
  A necrophage (D:5)
  A scorpion (D:4)
  4 orc priests
  3 hounds (D:5)
  An orc wizard (D:4)
  2 iguanas
  10 adders
  A white imp (D:6)
  An ufetubus (D:5)
  2 worms
  8 dart slugs
  12 orcs
  5 endoplasms
  7 giant cockroaches
  12 goblins
  9 hobgoblins
  A jackal (D:2)
  10 kobolds
  3 quokkas
  10 ball pythons
  A bat (D:1)
  3 frilled lizards
  7 rats
115 creatures vanquished.

Vanquished Creatures (collateral kills)
  2 worms
2 creatures vanquished.

Vanquished Creatures (others)
  A plant (D:5)
1 creature vanquished.

Grand Total: 118 creatures vanquished

Notes
Turn   | Place    | Note
-------+----------+-------------------------------------------
     0 | D:1      | Ashen the Djinni Hedge Wizard began the quest for the Orb.
     0 | D:1      | Ashen set off with the following spells memorised: Magic
                  | Dart, Blink, Call Imp, Slow, Conjure Flame, Mephitic Cloud.
     0 | D:1      | Reached XP level 1. HP: 15/15 MP: 0/0
   503 | D:1      | Reached XP level 2. HP: 20/22 MP: 0/0
   615 | D:1      | Found a faded altar of an unknown god.
   897 | D:1      | Reached XP level 3. HP: 7/26 MP: 0/0
   897 | D:1      | Learned a level 1 spell: Shock
  1295 | D:1      | Reached skill level 1 in Fighting
  1762 | D:1      | Found Jusuasuti's Antique Armour Boutique.
  2386 | D:2      | Reached XP level 4. HP: 31/32 MP: 0/0
  3419 | D:2      | Reached XP level 5. HP: 29/37 MP: 0/0
  3419 | D:2      | Learned a level 2 spell: Passwall
  4601 | D:3      | Found a blossoming altar of Fedhas.
  5791 | D:4      | Noticed an ogre
  5886 | D:4      | Identified the +1 cloak of the Griffon {*Corrode rC+ Will+
                  | Int+4}
  6421 | D:4      | Killed an ogre
  6422 | D:4      | Reached XP level 6. HP: 33/43 MP: 0/0
  7021 | D:4      | Reached XP level 7. HP: 26/49 MP: 0/0
  7021 | D:4      | Learned a level 2 spell: Wereblood
  7418 | D:5      | Entered Level 5 of the Dungeon
  7693 | D:5      | Identified the +3 robe "Usetaas" {rN++}
  8348 | D:5      | Found a staircase to the Ecumenical Temple.
  8405 | Temple   | Entered the Ecumenical Temple
  8572 | Temple   | Became a worshipper of Makhleb the Destroyer
  9379 | D:5      | Reached XP level 8. HP: 41/56 MP: 0/0
  9684 | D:6      | HP: 1/56 [centaur/+0 spear (4)]
  9685 | D:6      | Slain by a water moccasin

Illustrated notes

Levels and vault maps discovered:
D:1:      scummos_arrival_hexagon, layout_loops_ring, serial_shops, shop,
          ebering_ecumenical_altar_mist
D:2:      layout_basic, chequers_serial_rivers_room_a, minmay_quantized
D:3:      layout_loops_ring, mainiacjoe_overflow_24_doors, minmay_statues_item,
          minmay_puff
D:4:      layout_basic, feat_on_display
D:5:      layout_gridville, minmay_temple_entry_overgrown
D:6:      layout_rooms, chequers_serial_rivers_room_a,
          nicolae_elevator_lobby_plus
Temple:   mainiacjoe_temple_coin_purse

Skill      XL: |  1  2  3  4  5  6  7 |
---------------+----------------------+-----
Stealth        | 2 3 |  3.6
Fighting       | 1 2 3 |  3.3
Spellcasting   | 3 4 |  4.7
Dodging        | 3 4 |  4.5

Action                   |  1- 3 |  4- 6 |  7- 9 || total
-------------------------+-------+-------+-------++-------
Melee: Dagger            |    10 |    50 |    64 ||   124
 Cast: Magic Dart        |    87 |   185 |    59 ||   331
       Call Imp          |     1 |     7 |     2 ||    10
       Mephitic Cloud    |       |     9 |     8 ||    17
       Shock             |       |       |     8 ||     8
  Use: Scroll            |       |     4 |       ||     4
       Potion            |       |       |     2 ||     2
 Stab: Sleeping          |     1 |     4 |     1 ||     6
       Confused          |       |     5 |     5 ||    10
       Distracted        |       |     1 |     1 ||     2
Armor: Robe              |    10 |    16 |       ||    26
       Leather armour    |       |    19 |    24 ||    43
Dodge: Dodged            |    19 |    79 |    79 ||   177
